 Dungeon Crawl Stone Soup version 0.28.0-43-g3370ac3207 (webtiles) character file.

Game seed: 9564461971807403000

49 Arcadio the Shooter (level 4, -2/28 HPs)
             Began as a Kobold Hunter on Mar 3, 2022.
             Slain by a gnoll
             ... wielding a +0 spear
              (6 damage)
             ... on level 2 of the Dungeon.
             The game lasted 00:02:33 (2087 turns).

Arcadio the Shooter (Kobold Hunter)                 Turns: 2087, Time: 00:02:33

Health: -2/28      AC:  3    Str: 11    XL:     4   Next: 1%
Magic:  4/4        EV: 15    Int: 12    God:
Gold:   51         SH:  0    Dex: 15    Spells: 3/3 levels left

rFire   . . .      SeeInvis .   b - +0 short sword
rCold   . . .      Faith    .   (no shield)
rNeg    . . .      Spirit   .   c - +0 leather armour
rPois   .          Reflect  .   (no helmet)
rElec   .          Harm     .   (no cloak)
rCorr   .          Rampage  .   (no gloves)
Will    .....                   (no boots)
Stlth   +++.......              (no amulet)
HPRegen 0.09/turn               (no ring)
MPRegen 0.09/turn               (no ring)

@: no status effects
A: small, no large weapons, nightstalker 3
a: no special abilities


You were on level 2 of the Dungeon.
You visited 1 branch of the dungeon, and saw 2 of its levels.

You collected 51 gold pieces.

Inventory:

Hand Weapons
 a - a +1 shortbow
 b - a +0 short sword (weapon)
Missiles
 d - 39 arrows
Armour
 c - a +0 leather armour (worn)
Scrolls
 e - a scroll of vulnerability {unknown}
 f - 2 scrolls of teleportation {unknown}
 h - a scroll of identify {unknown}
Potions
 g - a potion of heal wounds {unknown}
 i - a potion of curing


   Skills:
 + Level 3.1 Fighting
 + Level 4.4 Bows
 + Level 3.3 Dodging
 - Level 1.3 Stealth


You had 3 spell levels left.
You didn't know any spells.
Your spell library was empty.

Dungeon Overview and Level Annotations

Branches:
Dungeon (2/15)

Altars:

Shops:
D:1 :


Innate Abilities, Weirdness & Mutations

You are small and have problems with some larger weapons.
You are completely attuned to the shadows.


Message History

A hobgoblin comes into view.
The gnoll closely misses you.
The gnoll throws a throwing net.
The throwing net hits you.
You become entangled in the net!
You see here a throwing net.
You cannot shoot with your shortbow while held in a net.
Unknown command.
You cannot shoot with your shortbow while held in a net.
b - a +0 short sword (weapon)
You struggle against the net.
You struggle against the net.
The gnoll hits you from afar with a +0 spear.
You struggle against the net.
The hobgoblin closely misses you. The gnoll barely misses you.
You shred the net and break free! The hobgoblin barely misses you.
The gnoll barely misses you.
You closely miss the hobgoblin. The hobgoblin closely misses you.
The gnoll hits you from afar with a +0 spear.
You hit the hobgoblin.
The hobgoblin is almost dead.
The hobgoblin closely misses you.
The gnoll hits you from afar with a +0 spear!
The rat closely misses you. The hobgoblin closely misses you.
You hit the hobgoblin.
You kill the hobgoblin!
The gnoll closely misses you. The rat barely misses you.
The gnoll hits you from afar with a +0 spear.
You have reached level 4!
The rat bites you.
You hit the rat.
You kill the rat!
The gnoll barely misses you.
The gnoll hits you from afar with a +0 spear.
The gnoll hits you from afar with a +0 spear.
* * * LOW HITPOINT WARNING * * *
Things that are here:
a +0 dagger; 4 stones; a kobold corpse
There is a stone staircase leading up here.
The gnoll hits you from afar with a +0 spear.
You die...

#.# #.# ######.## #.#
#........ #.#
##.####.##
#.###...###.##
.#######.##.....##.##
........#.......#.##
.##................##
[...@)g............##
.....................
###......#...........
#......##........##
###.#..# #... ##


You could see a gnoll.

Vanquished Creatures
  An adder (D:1)
  A worm (D:1)
  A dart slug (D:1)
  3 endoplasms
  A giant cockroach (D:1)
  5 goblins
  4 hobgoblins
  2 quokkas
  3 ball pythons (D:1)
  2 bats (D:1)
  3 frilled lizards (D:1)
  5 kobolds
  3 rats
34 creatures vanquished.

Notes
Turn   | Place    | Note
-------+----------+-------------------------------------------
     0 | D:1      | Arcadio the Kobold Hunter began the quest for the Orb.
     0 | D:1      | Reached XP level 1. HP: 12/12 MP: 1/1
   343 | D:1      | Reached XP level 2. HP: 16/18 MP: 2/2
   390 | D:1      | Found Muddiawk's Book Emporium.
   868 | D:1      | Reached XP level 3. HP: 22/22 MP: 3/3
  1603 | D:2      | HP: 1/22 [adder (3)]
  1611 | D:1      | HP: 1/22 [adder (1)]
  2062 | D:2      | Reached XP level 4. HP: 13/28 MP: 4/4
  2087 | D:2      | Slain by a gnoll

Illustrated notes

Levels and vault maps discovered:
D:1:      minmay_arrival_widening_spiral_narrow, layout_basic, serial_shops,
          nicolae_square_shop, minmay_quantized
D:2:      layout_loops_ring, hellmonk_ecumenical_altar_leap_of_faith,
          minmay_small_reverse_x

Skill      XL: |  1  2  3 |
---------------+----------+-----
Dodging        | 3 |  3.3
Fighting       | 3 |  3.1
Bows           | |  4.4
Stealth        | |  1.3

Action                   |  1- 3 |  4- 6 || total
-------------------------+-------+-------++-------
Melee: Short sword       |   139 |     1 ||   140
       Punch             |     3 |       ||     3
 Fire: Shortbow          |     3 |       ||     3
  Use: Potion            |     1 |       ||     1
 Stab: Sleeping          |     7 |       ||     7
Armor: Leather armour    |    24 |       ||    24
Dodge: Dodged            |   109 |     1 ||   110
